 Dungeon Crawl Stone Soup version 0.29-a0-323-g050149af67 (webtiles) character file.

Game seed: 4001691346411951849

10 Dabor the Chiller (level 2, -5/19 HPs)
             Began as a Demonspawn Ice Elementalist on Apr 11, 2022.
             Slain by Terence
             ... wielding a +0 flail
              (10 damage)
             ... on level 2 of the Dungeon.
             The game lasted 00:01:10 (1076 turns).

Dabor the Chiller (Demonspawn Ice Elementalist)     Turns: 1076, Time: 00:01:11

Health: -5/19      AC:  3    Str:  8    XL:     2   Next: 10%
Magic:  0/5        EV:  9    Int: 16    God:
Gold:   24         SH:  0    Dex: 13    Spells: 4/5 levels left

rFire   . . .      SeeInvis .   (no weapon)
rCold   . . .      Faith    .   (no shield)
rNeg    . . .      Spirit   .   a - +0 robe
rPois   .          Reflect  .   j - +0 helmet
rElec   .          Harm     .   (no cloak)
rCorr   .          Rampage  .   (no gloves)
Will    .....                   (no boots)
Stlth   ++........              (no amulet)
HPRegen 0.06/turn               (no ring)
MPRegen 0.09/turn               (no ring)

@: constricted
A: demonic magic 1
a: no special abilities


You were on level 2 of the Dungeon.
You visited 1 branch of the dungeon, and saw 2 of its levels.

You collected 24 gold pieces.

Inventory:

Armour
 a - a +0 robe (worn)
 j - a +0 helmet (worn)
Magical Staves
 k - a staff of air
Jewellery
 h - a ring of fire
Scrolls
 d - a scroll of amnesia {unknown}
 f - a scroll of enchant armour {unknown}
 g - a scroll of identify {unknown}
 i - a scroll of immolation {unknown}
 l - a scroll of fear {unknown}
 m - a scroll of brand weapon {unknown}
Potions
 b - a potion of magic
 c - 2 potions of berserk rage {unknown}
 e - a potion of haste {unknown}


   Skills:
 + Level 2.0 Dodging
 + Level 2.0 Stealth
 + Level 2.1 Spellcasting
 + Level 3.7 Ice Magic


You had 4 spell levels left.
You knew the following spells:

 Your Spells              Type           Power      Damage    Failure   Level
a - Freeze                Ice            52%        1d7       4%          1

Your spell library contained the following spells:

 Spells                   Type           Power      Damage    Failure   Level
 Frozen Ramparts          Ice            26%        1d4       13%         3
 Ozocubu's Armour         Ice            13%        N/A       13%         3
 Hailstorm                Conj/Ice       7%         3d4       67%         4


Dungeon Overview and Level Annotations

Branches:
Dungeon (2/15)

Altars:

Annotations:
D:2 Terence


Innate Abilities, Weirdness & Mutations

Spells you cast may paralyse adjacent enemies.


Message History

Malevolent energies surge around you.
Terence suddenly stops moving!
The ball python bites you. The ball python grabs you.
The ball python constricts you.
Casting: Freeze (safe; 4% risk of failure)
Confirm with . or Enter, or press ? or * to list all spells.
Aiming: Freeze (safe; 4% risk of failure)
Press: ? - help, Shift-Dir - straight line, f/p - Terence
Aim: Terence, wielding a +0 flail and wearing a +4 ring mail of fire resistance (severely wounded, paralysed)
You freeze Terence.
Terence is severely wounded.
Malevolent energies surge around you.
The ball python hisses angrily.
The ball python closely misses you. The ball python constricts you.
Casting: Freeze (safe; 4% risk of failure)
Confirm with . or Enter, or press ? or * to list all spells.
Aiming: Freeze (safe; 4% risk of failure)
Press: ? - help, Shift-Dir - straight line, f/p - Terence
Aim: Terence, wielding a +0 flail and wearing a +4 ring mail of fire resistance (severely wounded, paralysed)
You freeze Terence.
Terence is almost dead.
Malevolent energies surge around you.
The ball python suddenly stops moving!
The ball python loses its grip on you.
Really attack while wielding nothing? [Y]es or [N]o only, please.
Really attack while wielding nothing?
The helpless Terence fails to defend himself.
You hit Terence but do no damage.
Terence is almost dead.
The helpless Terence fails to defend himself.
You hit Terence but do no damage.
Terence is almost dead.
Terence is no longer paralysed.
Terence hits you with a +0 flail!
The ball python is no longer paralysed.
The ball python bites you. The ball python misses you.
The ball python completely misses you. The ball python grabs you.
You stop ascending the stairs.
The ball python constricts you.
* * * LOW HITPOINT WARNING * * *
Terence hits you with a +0 flail!
Ouch! That really hurt!
You die...

....... .......
.......
.......###
.........#
......... ####.
........#......
......S@@......
#.......S##.##.
#.######.# ).
..# ..# ...
..##


You could see Terence and 2 ball pythons.

Vanquished Creatures
  A ball python (D:1)
  3 bats (D:1)
  2 jackals (D:1)
  A kobold (D:1)
  2 frilled lizards (D:1)
9 creatures vanquished.

Notes
Turn   | Place    | Note
-------+----------+-------------------------------------------
     0 | D:1      | Dabor the Demonspawn Ice Elementalist began the quest for
                  | the Orb.
     0 | D:1      | Reached XP level 1. HP: 13/13 MP: 3/3
   182 | D:1      | Found a faded altar of an unknown god.
   861 | D:1      | Gained mutation: Spells you cast may paralyse adjacent
                  | enemies. [demonic ancestry]
   861 | D:1      | Reached XP level 2. HP: 16/19 MP: 3/5
  1068 | D:2      | Noticed Terence
  1076 | D:2      | Slain by Terence

Illustrated notes

Levels and vault maps discovered:
D:1:      ncdulo_smallfort, layout_basic, ebering_ecumenical_altar_mist,
          serial_park_tiny_pond, minmay_misc_feat_five
D:2:      layout_loops_ring, uniq_terence, uniq_natasha

Skill      XL: |  1 |
---------------+----+-----
Stealth        | 2 |  2.0
Dodging        | 2 |  2.0
Spellcasting   | |  2.1
Ice Magic      | |  3.7

Action                   || total
-------------------------++-------
Melee: Unarmed           ||    12
       Punch             ||     1
 Cast: Freeze            ||    16
 Stab: Paralysed         ||     2
Armor: Robe              ||     7
Dodge: Dodged            ||    22

Table legend: (Time is in decaauts)
 A = Elapsed time spent in this place.
 B = Non-inter-level travel time spent in this place.
 C = Inter-level travel time spent in this place.
 D = Time resting spent in this place.
 E = Time spent auto-exploring this place.
 F = Levels seen in this place.
 G = Mean time per level.
                   A        B        C        D        E       F      G
               +--------+--------+--------+--------+--------+-----+--------+
         Total |   1075 |    989 |     86 |      0 |    854 |   2 |  537.5 |
       Dungeon |   1075 |    989 |     86 |      0 |    854 |   2 |  537.5 |
               +--------+--------+--------+--------+--------+-----+--------+

Top non-repeatable levels by time:
     D:1: 1068 daAuts
     D:2: 7 daAuts
